 Dungeon Sprint DCSS version 0.28.0-47-ge53b351184 (webtiles) character file.

Game seed: 9077501298438961093

2984 boopmooplesden the Fencer (level 9, -8/100 HPs)
             Began as a Minotaur Berserker on May 5, 2022.
             Was a High Priest of Trog.
             Mangled by an unseen horror (10 damage)
             ... in the Dungeon (Sprint III: "The Ten Rune Challenge").
             The game lasted 00:02:41 (1421 turns).

boopmooplesden the Fencer (Minotaur Berserker)      Turns: 1421, Time: 00:02:42

Health: -8/100     AC:  2    Str: 25    XL:     9   Next: 53%
Magic:  8/8        EV: 15    Int:  4    God:    Trog [*****.]
Gold:   20         SH:  0    Dex: 11    Spells: 8/8 levels left

rFire   . . .      SeeInvis .   n - +1 long sword (holy)
rCold   . . .      Faith    .   (no shield)
rNeg    . . .      Spirit   .   b - +0 animal skin
rPois   .          Reflect  .   (helmet restricted)
rElec   .          Harm     .   (no cloak)
rCorr   .          Rampage  .   (no gloves)
Will    .....      NoTele   +   (no boots)
Stlth   ++........              (no amulet)
HPRegen 0.26/turn               (no ring)
MPRegen 0.11/turn               (no ring)

@: on berserk cooldown, slowed, very slow
A: horns 2, retaliatory headbutt, talons 1
a: Renounce Religion, Berserk, Trog's Hand, Brothers in Arms


You were in the Dungeon.
You worshipped Trog.
Trog was extremely pleased with you.
You visited 1 branch You collected 20 gold pieces.

Inventory:

Hand Weapons
 a - a +0 falchion
 n - a +1 long sword of holy wrath (weapon)
 o - a +3 vorpal rapier
Armour
 b - a +0 animal skin (worn)
Wands
 m - a wand of mindburst (10)
Scrolls
 h - a scroll of blinking
 i - a scroll of torment {unknown}
 j - 3 scrolls of identify
 l - 3 scrolls of holy word {unknown}
Potions
 c - 3 potions of curing
 d - 2 potions of heal wounds
 e - a potion of haste
 f - 2 potions of magic
 g - a potion of berserk rage
 k - 4 potions of flight
Miscellaneous
 p - a box of beasts (inert)


   Skills:
 + Level 15.6 Fighting
 + Level 17.8 Long Blades
 + Level 7.5 Armour
 + Level 8.8 Dodging
 + Level 2.1 Stealth
 + Level 0.4 Evocations


You had 8 spell levels left.
You didn't know any spells.
Your spell library was empty.

Dungeon Overview and Level Annotations

Branches:
Dungeon (1/1)

Altars:
Cheibriados
Dithmenos
Elyvilon
Fedhas
Gozag
Hepliaklqana
Kikubaaqudgha
Makhleb
Nemelex Xobeh
Okawaru
Qazlal
Ru
Sif Muna
Trog
Uskayaw
Vehumet
Wu Jian
Xom
Yredelemnul
Zin
The Shining One
Beogh
Jiyva
Lugonu


Innate Abilities, Weirdness & Mutations

You have a pair of horns on your head.
You reflexively headbutt those who attack you in melee.
You have sharp toenails.


Message History

You swing at nothing.
Something hits you.
Something hits your larval batfire beast but does no damage.
You swing at nothing.
You swing at nothing.
Something hits you.
Something hits your larval batfire beast.
You slash something! Your kick misses something. Something barely misses you.
Something hits your larval batfire beast but does no damage.
Something hits you!
Something hits your larval batfire beast.
You slash something! Trog accepts your kill.
Reactivating autopickup.
You feel a bit more experienced.
Something hits your larval batfire beast!
Your larval batfire beast dies!
Your larval batfire beast's corpse disappears in a puff of smoke!
Something hits you.
Deactivating autopickup; reactivate with Ctrl-A.
A red film seems to cover your vision as you go berserk!
You feel yourself moving faster!
You feel mighty! Something hits you.
* * * LOW HITPOINT WARNING * * *
You feel a strong urge to attack something.
You slash something! You claw something! Something barely misses you.
Something barely misses you.
You feel a strong urge to attack something.
Something completely misses you.
There is an open door here.
Something hits you!
* * * LOW HITPOINT WARNING * * *
You feel your anger nearly subside.
You are no longer berserk.
You are exhausted.
You feel yourself slow down. Something hits you!
* * * LOW HITPOINT WARNING * * *
You barely miss something. You claw something. Something hits you!
* * * LOW HITPOINT WARNING * * *
Something hits you!
* * * LOW HITPOINT WARNING * * *
Something barely misses you.
You closely miss something. Something hits you!
You die...

#### #__# #._# #)## ...#
...# ##'#
...#+#####################
...#..≈≈≈'.#.'..@'.#.#.#.+
...#.#§§§#.#.#.).##.#.#.##
...'.#§§§#.#.#)).#.#.#.#.#
...#.#§§§#...#...##.#.#.#
▓▓▓▓▓▓▓▓▓▓▓▓▓▓▓▓▓#.#.#.# ≈
##.#.#.# +.#.#.#.#
##.#.#.## #+ ####


There were no monsters in sight!

Vanquished Creatures
  Josephine (D)
  A centaur warrior (D)
  A deep elf pyromancer (D)
  An unseen horror (D)
  A shadow (D)
  A spatial vortex (D)
  A necrophage (D)
  2 centaurs (D)
  An earth elemental (D)
  A water elemental (D)
  A jelly (D)
  A wizard (D)
  A necromancer (D)
  3 humans (D)
  A kobold demonologist (D)
  A phantom (D)
  4 rats (D)
23 creatures vanquished.

Vanquished Creatures (others)
  2 plants (D)
2 creatures vanquished.

Grand Total: 25 creatures vanquished

Notes
Turn   | Place    | Note
-------+----------+-------------------------------------------
     0 | D        | boopmooplesden the Minotaur Berserker began the quest for
                  | the Orb.
     0 | D        | Reached XP level 1. HP: 19/19 MP: 0/0
     6 | D        | Reached skill level 4 in Long Blades
    12 | D        | Reached ** piety under Trog
    38 | D        | Reached skill level 5 in Fighting
    38 | D        | Reached skill level 5 in Long Blades
    38 | D        | Reached XP level 2. HP: 29/29 MP: 1/1
   152 | D        | Gained mutation: You are covered in fur. (AC +1) [potion of
                  | mutation]
   152 | D        | Gained mutation: You are robust. (+10% HP) [potion of
                  | mutation]
   153 | D        | Lost mutation: You are robust. (+10% HP) [potion of
                  | mutation]
   153 | D        | Lost mutation: You are covered in fur. (AC +1) [potion of
                  | mutation]
   153 | D        | Gained mutation: You are dopey. (Int -2) [potion of
                  | mutation]
   153 | D        | Gained mutation: You passively map a small area around you.
                  | [potion of mutation]
   153 | D        | Gained mutation: You have hidden genetic potential. [potion
                  | of mutation]
   153 | D        | Gained mutation: You have supernaturally acute eyesight.
                  | (SInv) [potion of mutation]
   154 | D        | Lost mutation: You passively map a small area around you.
                  | [potion of mutation]
   154 | D        | Lost mutation: You have supernaturally acute eyesight.
                  | (SInv) [potion of mutation]
   154 | D        | Lost mutation: You are dopey. (Int -2) [potion of mutation]
   154 | D        | Gained mutation: Your spells are a little easier to cast,
                  | but a little less powerful. [potion of mutation]
   154 | D        | Lost mutation: You have hidden genetic potential. [potion
                  | of mutation]
   154 | D        | Gained mutation: A frigid envelope surrounds you and
                  | freezes all who hurt you. [potion of mutation]
   155 | D        | Lost mutation: Your spells are a little easier to cast, but
                  | a little less powerful. [potion of mutation]
   155 | D        | Lost mutation: A frigid envelope surrounds you and freezes
                  | all who hurt you. [potion of mutation]
   155 | D        | Gained mutation: You have sharp toenails. [potion of
                  | mutation]
   169 | D        | Noticed a water elemental
   175 | D        | Killed a water elemental
   176 | D        | Reached skill level 7 in Long Blades
   176 | D        | Reached XP level 3. HP: 29/39 MP: 2/2
   176 | D        | Reached XP level 4. HP: 35/47 MP: 3/3
   319 | D        | Found a basalt altar of Yredelemnul.
   319 | D        | Found a shadowy altar of Dithmenos.
   319 | D        | Found a sacrificial altar of Ru.
   319 | D        | Noticed a necrophage
   321 | D        | Reached *** piety under Trog
   329 | D        | Killed a necrophage
   330 | D        | Reached skill level 9 in Long Blades
   330 | D        | Reached XP level 5. HP: 43/56 MP: 4/4
   438 | D        | Found a hide-covered altar of Uskayaw.
   438 | D        | Found an iron altar of Okawaru.
   438 | D        | Found a bloodstained altar of Trog.
   438 | D        | Found an ornate altar of the Wu Jian Council.
   438 | D        | Noticed a human
   438 | D        | Noticed a human
   444 | D        | Killed a human
   445 | D        | Reached skill level 10 in Fighting
   445 | D        | Reached skill level 11 in Long Blades
   445 | D        | Reached skill level 5 in Armour
   445 | D        | Reached skill level 5 in Dodging
   445 | D        | Reached XP level 6. HP: 66/66 MP: 5/5
   451 | D        | Killed a human
   451 | D        | Reached **** piety under Trog
   452 | D        | Reached skill level 12 in Long Blades
   596 | D        | Found a radiant altar of Vehumet.
   596 | D        | Found a shimmering blue altar of Sif Muna.
   596 | D        | Found an ancient bone altar of Kikubaaqudgha.
   598 | D        | Noticed an ice devil
   602 | D        | Reached ***** piety under Trog
   758 | D        | Found a glowing silver altar of Zin.
   758 | D        | Found a glowing golden altar of the Shining One.
   758 | D        | Found a white marble altar of Elyvilon.
   759 | D        | Noticed a deep elf pyromancer
   765 | D        | Killed a deep elf pyromancer
   765 | D        | Received a gift from Trog
   766 | D        | Reached skill level 14 in Long Blades
   766 | D        | Reached XP level 7. HP: 78/78 MP: 6/6
   798 | D        | Noticed a shadow
   801 | D        | Killed a shadow
   802 | D        | Reached XP level 8. HP: 80/85 MP: 7/7
   809 | D        | Found a blossoming altar of Fedhas.
   809 | D        | Found a stormy altar of Qazlal.
   810 | D        | Found a snail-covered altar of Cheibriados.
   810 | D        | Found a burning altar of Makhleb.
   810 | D        | Found a hazy altar of Hepliaklqana.
   810 | D        | Found a shimmering altar of Xom.
   810 | D        | Found an opulent altar of Gozag.
   810 | D        | Found a sparkling altar of Nemelex Xobeh.
   810 | D        | Found a corrupted altar of Lugonu.
   810 | D        | Found a viscous altar of Jiyva.
   823 | D        | Reached skill level 15 in Long Blades
   984 | D        | Noticed Josephine
   991 | D        | Killed Josephine
   992 | D        | Reached skill level 16 in Long Blades
   992 | D        | Reached skill level 1 in Stealth
  1071 | D        | Reached XP level 9. HP: 66/96 MP: 8/8
  1189 | D        | Noticed a centaur warrior
  1195 | D        | Killed a centaur warrior
  1196 | D        | Reached skill level 15 in Fighting
  1196 | D        | Reached skill level 17 in Long Blades
  1408 | D        | Killed an unseen horror
  1420 | D        | HP: 1/100 [something (7)]
  1421 | D        | Mangled by an unseen horror

Illustrated notes

Levels and vault maps discovered:
D:        dungeon_sprint_mu [sprint_mu_entry_forest, sprint_mu_temple_rooms,
          sprint_mu_d1_horrors, sprint_mu_d2_genie, sprint_mu_d3_branching,
          sprint_mu_orc_legion, sprint_mu_elf_gauntlet, sprint_mu_hive_nellie,
          sprint_mu_lair_fedhas, sprint_mu_vaults_butterflies,
          sprint_mu_slime_circle, sprint_mu_swamp_cave, sprint_mu_shoals_kraken,
          sprint_mu_blade_basic, sprint_mu_crypt_lich, sprint_mu_tomb_spiral,
          sprint_mu_vestibule_basic, sprint_mu_gehenna_hellfire,
          sprint_mu_dis_giant, sprint_mu_tartarus_statrot,
          sprint_mu_cocytus_islands, sprint_mu_zot1]

Skill      XL: |  1  2  3  4  5  6  7  8  9 |
---------------+----------------------------+-----
Fighting       | 5 7 8 10 12 14 15 | 15.6
Long Blades    | 5 7 9 11 14 16 17 | 17.8
Armour         | 3 4 5 6 7 |  7.5
Dodging        | 3 4 5 6 7 8 |  8.8
Stealth        | 1 2 |  2.1
Evocations     | |  0.4

Action                   |  1- 3 |  4- 6 |  7- 9 || total
-------------------------+-------+-------+-------++-------
Melee: Falchion          |    20 |    29 |       ||    49
       Kick              |       |     9 |     8 ||    17
       Headbutt          |       |     5 |     8 ||    13
       Long sword        |       |       |    39 ||    39
Invok: Berserk           |     2 |     3 |     3 ||     8
Evoke: Wand              |       |     1 |       ||     1
       Box of beasts     |       |       |     1 ||     1
  Use: Potion            |     4 |       |       ||     4
Armor: Animal skin       |     3 |     2 |     4 ||     9
Dodge: Dodged            |     9 |     8 |    29 ||    46
